 Dungeon Crawl Stone Soup version 0.25-a0-35-g747a2b3c0c (webtiles) character file.

Game seed: 6401149559271088123, levelgen mode: deterministic

1142 Flugkiller the Insei (level 8, 0/52 HPs)
             Began as an Octopode Arcane Marksman on Oct 19, 2019.
             Was a Follower of Cheibriados.
             Shot with an arrow by a centaur (12 damage)
             ... on level 5 of the Dungeon.
             The game lasted 00:10:09 (6061 turns).

Flugkiller the Insei (Octopode Arcane Marksman)     Turns: 6061, Time: 00:10:10

Health: 0/52       AC:  2    Str: 11    XL:     8   Next: 37%
Magic:  9/11       EV: 21    Int: 24    God:    Cheibriados [*.....]
Gold:   255        SH:  0    Dex: 16    Spells: 4/11 levels left

rFire    . . .     SeeInvis .     - Unarmed
rCold    . . .     Gourm    .   (no shield)
rNeg     . . .     Faith    .   k - +1 hat
rPois    .         Spirit   .   (no amulet)
rElec    .         Reflect  .   u - ring of resist corrosion
rCorr    +         Harm     .   v - ring of Equivalence {MR- EV+5 Int+6}
MR       .....                  x - ring of stealth
Stlth    +++.......             (no ring)
HPRegen  0.17/turn              (no ring)
MPRegen  0.12/turn              (no ring)
                                (no ring)
                                (no ring)

@: very slow
A: almost no armour, stealthy swim, amphibious, 8 rings, constrict 8, camouflage
1, gelatinous body 1
a: Bend Time, Renounce Religion


You were on level 5 of the Dungeon.
You worshipped Cheibriados.
Cheibriados was aware of your devotion.
You were hungry.

You visited 1 branch of the dungeon, and saw 6 of its levels.

You collected 255 gold pieces.

Inventory:

Hand Weapons
 a - a +0 hunting sling
 w - a +3 shortbow of freezing
   (You took it off a centaur on level 5 of the Dungeon)
Missiles
 c - 50 sling bullets
 e - 114 stones (quivered)
 h - a throwing net
 m - 13 poisoned darts
 y - 18 arrows
Armour
 k - a +1 hat (worn)
   (You found it on level 6 of the Dungeon)
Jewellery
 u - a ring of resist corrosion (left tentacle)
   (You found it on level 3 of the Dungeon)
 v - the ring of Equivalence (right tentacle) {MR- EV+5 Int+6}
   (You found it on level 4 of the Dungeon)

   [ring of evasion]

   It affects your evasion (+5).
   It affects your intelligence (+6).
   It affects your resistance to hostile enchantments.
 x - a ring of stealth (on tentacle)
   (You found it on level 4 of the Dungeon)
Scrolls
 i - 7 scrolls of teleportation
 p - 2 scrolls of magic mapping {unknown}
 q - a scroll of fog
 s - a scroll of enchant armour
 t - a scroll of remove curse
Potions
 b - a potion of curing
 f - 2 potions of might
 g - a potion of haste
 j - a potion of degeneration {unknown}
 l - a potion of resistance
 n - a potion of heal wounds
 o - 4 potions of lignification
 r - a potion of magic {unknown}
 z - a potion of invisibility {unknown}
Comestibles
 d - 9 rations


   Skills:
 + Level 3.4 Fighting
 - Level 2.0 Slings
 + Level 4.5 Dodging
 + Level 6.2 Unarmed Combat
 - Level 2.0 Spellcasting
 + Level 5.3 Hexes


You had 4 spell levels left.
You knew the following spells:

 Your Spells              Type           Power        Failure   Level  Hunger
a - Corona                Hex            ####...      1%          1    #......
b - Slow                  Hex            ####....     1%          2    ##.....
c - Confuse               Hex            ####....     4%          3    ###....
w - Confusing Touch       Hex            ####..       1%          1    #......

Your spell library contained the following spells:

 Spells                   Type           Power        Failure   Level  Hunger
 Tukima's Dance           Hex            ####....     4%          3    ###....
 Ensorcelled Hibernation  Hex/Ice        ###...       6%          2    ##.....
 Animate Skeleton         Necr           N/A          12%         1    #......
 Apportation              Tloc           #.....       12%         1    #......
 Summon Small Mammal      Summ           #...         12%         1    #......
 Dazzling Spray           Conj/Hex       ###...       12%         3    ###....
 Inner Flame              Hex/Fire       ###.....     12%         3    ###....
 Portal Projectile        Hex/Tloc       ###...       12%         3    ###....
 Cause Fear               Hex            ####......   14%         4    #####..
 Leda's Liquefaction      Hex/Erth       ###.......   38%         4    #####..


Dungeon Overview and Level Annotations

Branches:
Dungeon (6/15)
 Temple: D:4-7

Altars:
Ashenzari
Cheibriados
Dithmenos
Nemelex Xobeh
Qazlal
Uskayaw
Vehumet
The Shining One


Innate Abilities, Weirdness & Mutations

You cannot wear most types of armour.
You are very stealthy in the water. (Stealth+)
You are amphibious.
You can wear up to eight rings at the same time.
You can use your tentacles to constrict eight enemies at once.
Your skin changes colour to match your surroundings (Stealth+).
Your rubbery body absorbs attacks. (AC +1, EV +1)


Message History

Aim: a giant cockroach (clinging, chance to defeat MR: 81%)
Okay, then.
Casting: Slow (safe; 2% risk of failure)
Confirm with . or Enter, or press ? or * to list all spells.
Aiming: Confuse (safe; 4% risk of failure)
Press: ? - help, Shift-Dir - straight line, f - Grinder, p - giant cockroach
Aim: Grinder (chance to defeat MR: 55%) Grinder appears confused.
You are feeling hungry.
Your +3 shortbow of freezing stops glowing.
a - a +0 hunting sling (weapon)
You are now empty-tentacled.
A centaur zombie comes into view.
The giant cockroach barely misses you.
Grinder hits the giant cockroach!
The giant cockroach is killed!
Cheibriados appreciates the change of pace.
Grinder hits herself.
A centaur comes into view.
The centaur moves out of view.
You bludgeon Grinder! You grab Grinder.
Grinder is moderately wounded.
You constrict Grinder.
Grinder escapes!
The centaur zombie completely misses you.
You tentacle-slap the centaur zombie. You squeeze the centaur zombie!
The centaur zombie is moderately damaged.
The centaur zombie hits you.
The centaur shouts!
You bludgeon Grinder! You grab Grinder.
Grinder is severely wounded.
You constrict Grinder. The centaur zombie closely misses you.
The centaur wields a +0 shortbow.
The centaur shoots an arrow.
The arrow closely misses you. Grinder hits you!
You writhe in agony.
You tentacle-slap Grinder.
Grinder is severely wounded.
You constrict Grinder. The centaur zombie misses you.
The centaur shoots an arrow.
The arrow hits you. Grinder hits you!
* * * LOW HITPOINT WARNING * * *
You writhe in agony.
* * * LOW HITPOINT WARNING * * *
The centaur zombie hits you.
* * * LOW HITPOINT WARNING * * *
You tentacle-slap Grinder.
Grinder is almost dead.
You constrict Grinder.
You kill Grinder!
Cheibriados appreciates the change of pace.
The centaur shoots an arrow.
The arrow completely misses you.
The centaur zombie hits you but does no damage.
The centaur shoots an arrow.
The arrow hits you!
You die...

#.##.######.##.##
#.##............#
#.##.#..............
#.##.#.##....#..###.
#.#..#.##.#.....#
#......##.#.###...
###..####.#.# .##.
#(.####...# # #
#.@........
#!#Z......
#.....##c. #.###.#
#(# ... #.# ##. #..
. #.


You could see a centaur and a centaur zombie.

Vanquished Creatures
  Grinder (D:5)
  2 sky beasts (D:5)
  A phantom (D:5)
  A centaur (D:5)
  A bullfrog (D:6)
  4 scorpions
  2 crimson imps (D:6)
  A jelly (D:5)
  2 orc priests
  An iguana (D:4)
  An orc wizard (D:4)
  A worker ant (D:4)
  A hound skeleton (D:6)
  3 adders
  An ooze (D:1)
  2 adder skeletons (D:5)
  5 dart slugs
  2 leopard geckos
  10 orcs
  3 ball pythons
  4 bats (D:1)
  3 giant cockroaches
  5 goblins
  5 hobgoblins
  4 quokkas
  A ball python skeleton (D:4)
  3 frilled lizards
  6 kobolds
  A quokka skeleton (D:5)
  3 rats
80 creatures vanquished.

Notes
Turn   | Place    | Note
-------+----------+-------------------------------------------
     0 | D:1      | Flugkiller the Octopode Arcane Marksman began the quest for
                  | the Orb.
     0 | D:1      | Reached XP level 1. HP: 13/13 MP: 2/2
   528 | D:1      | Reached XP level 2. HP: 15/18 MP: 1/4
   711 | D:1      | Found a shattered altar of Ashenzari.
   754 | D:1      | Reached XP level 3. HP: 17/23 MP: 4/6
  2356 | D:2      | Learned a level 2 spell: Slow
  2358 | D:2      | Learned a level 1 spell: Confusing Touch
  2491 | D:3      | Found a hide-covered altar of Uskayaw.
  2491 | D:3      | Found a glowing golden altar of the Shining One.
  2491 | D:3      | Found a stormy altar of Qazlal.
  2583 | D:3      | HP: 1/23 [adder (1)]
  2584 | D:3      | Reached XP level 4. HP: 12/28 MP: 4/7
  3033 | D:3      | Found a snail-covered altar of Cheibriados.
  3052 | D:3      | Became a worshipper of Cheibriados the Contemplative
  3275 | D:3      | Reached skill level 5 in Hexes
  3281 | D:3      | Reached XP level 5. HP: 26/33 MP: 8/8
  3554 | D:4      | Reached skill level 1 in Unarmed Combat
  3670 | D:4      | Learned a level 3 spell: Confuse
  4022 | D:4      | Got a heavily runed brass ring
  4110 | D:4      | Identified the ring of Equivalence {MR- EV+5 Int+6} (You
                  | found it on level 4 of the Dungeon)
  4195 | D:4      | Reached skill level 2 in Unarmed Combat
  4195 | D:4      | Reached XP level 6. HP: 34/39 MP: 2/9
  4542 | D:4      | You fall into a shaft and drop 2 floors!
  4586 | D:6      | Reached skill level 3 in Unarmed Combat
  4745 | D:6      | Reached XP level 7. HP: 22/45 MP: 8/10
  5182 | D:5      | Entered Level 5 of the Dungeon
  5182 | D:5      | Found a shadowy altar of Dithmenos.
  5182 | D:5      | Found a radiant altar of Vehumet.
  5185 | D:5      | Found a sparkling altar of Nemelex Xobeh.
  5366 | D:5      | Reached skill level 4 in Unarmed Combat
  5435 | D:5      | Reached * piety under Cheibriados
  5693 | D:5      | Reached skill level 5 in Unarmed Combat
  5771 | D:5      | Reached XP level 8. HP: 13/52 MP: 11/11
  6026 | D:5      | Reached skill level 6 in Unarmed Combat
  6051 | D:5      | Noticed Grinder
  6061 | D:5      | Killed Grinder
  6061 | D:5      | Shot with an arrow by a centaur

Levels and vault maps discovered:
D:1:      dpeg_arrival_leaves_temple_mockup, layout_basic, minmay_liquid_box,
          nicolae_ashenzari_panopticon
D:2:      layout_loops_ring, kennysheep_nondescript
D:3:      layout_loops_ring, chequers_temple_overflow_statue_of_worship,
          kennysheep_slug_shrine
D:4:      layout_loops_corners, first_ration, kennysheep_generic_room_10
D:5:      layout_loops_ring, nicolae_overflow_hidden_temple, basic_altar,
          uniq_grinder
D:6:      layout_layer_cave, basic_altar

Skill      XL: |  1  2  3  4  5  6  7  8 |
---------------+-------------------------+-----
Spellcasting   | 2 |  2.0
Hexes          | 4 5 |  5.3
Unarmed Combat | 2 3 5 6 |  6.2
Fighting       | 2 3 |  3.4
Dodging        | 3 4 |  4.5
Slings         | |  2.0

Action                   |  1- 3 |  4- 6 |  7- 9 || total
-------------------------+-------+-------+-------++-------
Melee: Unarmed           |   123 |   105 |    90 ||   318
       Tentacles         |    23 |    20 |    15 ||    58
       Constrict         |    30 |    19 |     7 ||    56
       Punch             |       |     2 |     8 ||    10
 Fire: Hunting sling     |       |    40 |       ||    40
       Shortbow          |       |       |     3 ||     3
 Cast: Corona            |     5 |    12 |    11 ||    28
       Slow              |     1 |     2 |       ||     3
       Confusing Touch   |     1 |       |       ||     1
       Confuse           |       |     4 |     8 ||    12
  Use: Scroll            |     1 |     8 |     2 ||    11
       Potion            |     1 |     1 |     1 ||     3
 Stab: Sleeping          |     5 |       |     3 ||     8
       Confused          |       |       |     4 ||     4
  Eat: Chunk             |     5 |     9 |       ||    14
       Ration            |       |       |     1 ||     1
Armor: Skin              |     8 |     8 |     3 ||    19
Dodge: Dodged            |    62 |    64 |    68 ||   194

Table legend:
 A = Non-vault XP
 B = Vault XP
 C = Vault XP percentage of total XP
 D = Non-vault monster count
 E = Vault monster count
 F = Vault count percentage of total count
                 A         B        C        D         E       F
            +---------+---------+-------+---------+---------+-------
      Total |    1379 |     253 |  15.5 |      77 |       3 |   3.8
            +---------+---------+-------+---------+---------+-------
        D:1 |      51 |       0 |   0.0 |      22 |       0 |   0.0
        D:2 |      21 |       0 |   0.0 |       6 |       0 |   0.0
        D:3 |      91 |       4 |   4.2 |      19 |       1 |   5.0
        D:4 |     244 |       2 |   0.8 |      12 |       1 |   7.7
        D:5 |     626 |     247 |  28.3 |      12 |       1 |   7.7
        D:6 |     346 |       0 |   0.0 |       6 |       0 |   0.0
            +---------+---------+-------+---------+---------+-------
